 Dungeon Crawl Stone Soup version 0.21.1-1-g345015f (webtiles) character file.

28 inc the Chiller (level 2, -1/11 HPs)
             Began as a Felid Ice Elementalist on Mar 3, 2018.
             Slain by an adder (3 damage)
             ... on level 2 of the Dungeon.
             The game lasted 00:03:41 (1686 turns).

inc the Chiller (Felid Ice Elementalist)            Turns: 1686, Time: 00:03:42

Health: -1/11      AC:  1    Str:  4    XL:     2   Next: 96%
Magic:  5/6        EV: 18    Int: 16    God:
Gold:   119        SH:  0    Dex: 16    Spells: 4/5 levels left
                                        Lives:  0   Deaths: 0

rFire    . . .     SeeInvis +   (weapon unavailable)
rCold    . . .     Gourm    .   (shield unavailable)
rNeg     . . .     Faith    .   (armour unavailable)
rPois    .         Spirit   .   (helmet unavailable)
rElec    .         Reflect  .   (cloak unavailable)
rCorr    .         Harm     .   (gloves unavailable)
MR       .....                  (boots unavailable)
Stlth    +++.......             (no amulet)
HPRegen  0.03/turn              (no ring)
MPRegen  0.10/turn              (no ring)

@: lethally poisoned (-1 -> -4), quick
A: very small, no armour, no weapons or thrown items, stealth, claws 1, fangs 3,
see invisible, carnivore, speed 1, shaggy fur 1, slow metabolism 1, sharp paws
a: no special abilities


You were on level 2 of the Dungeon.
You were full.

You visited 1 branch of the dungeon, and saw 2 of its levels.

You collected 119 gold pieces.

Inventory:

Jewellery
 e - an uncursed ring of ice {unknown}
Scrolls
 c - 4 scrolls of identify {unknown}
 f - 2 scrolls of teleportation {unknown}
 g - a scroll of fog {unknown}
 i - a scroll of fear {unknown}
 k - a scroll of amnesia {unknown}
Potions
 d - 2 potions of heal wounds {unknown}
 h - a potion of magic {unknown}
 j - a potion of curing {unknown}
Books
 a - a book of Frost

   Spells                             Type                      Level
   a - Freeze                         Ice                          1
   b - Throw Frost                    Conjuration/Ice              2
   c - Ozocubu's Armour               Charms/Ice                   3
   d - Throw Icicle                   Conjuration/Ice              4
   e - Summon Ice Beast               Ice/Summoning                4
Comestibles
 b - 3 rations


   Skills:
 - Level 2.6 Dodging
 - Level 2.6 Stealth
 - Level 2.0 Spellcasting
   Level 0.8 Conjurations
 + Level 3.8 Ice Magic


You had 4 spell levels left.
You knew the following spells:

 Your Spells              Type           Power        Failure   Level  Hunger
a - Freeze                Ice            ##..         4%          1    #......


Dungeon Overview and Level Annotations

Branches:
Dungeon (2/15)

Altars:


Innate Abilities, Weirdness & Mutations

You cannot wear armour.
You are incapable of wielding weapons or throwing items.
Your paws allow you to move quietly. (Stealth)
You have sharp claws.
You have razor-sharp teeth.
You have supernaturally acute eyesight. (SInv)
You are carnivorous and can eat meat at any time.
You cover ground quickly.
You are covered in fur. (AC +1)
You have a slow metabolism.
Your sharp claws are effective at attacking unaware monsters.


Message History

An adder comes into view.
Found 16 gold pieces.
An adder is nearby!
An adder is nearby!
You see here a war axe.
The adder bites you.
You are poisoned.
The adder poisons you!
You completely miss the adder.
You feel sick. The adder bites you.
Casting: Freeze
Confirm with . or Enter, or press ? or * to list all spells.
Aiming: Freeze
Press: ? - help, Shift-Dir - straight line, f - adder
Aim: an adder You freeze the adder.
The adder is heavily wounded.
The adder bites you.
* * * LOW HITPOINT WARNING * * *
The adder bites you.
You die...

##.#.###....##.##....
###..##.#.#...##.......
#...............####.##
#####.###.###............#
#...#...#.#.........######
#.#...#.#.###.#...##...
####...#.#.....#.#...# .##
#........###.#S#.##.## #
#.###.##.....@...##.. ..
#.##.###.#.#...... #
#.##.#.....#..#####
#.##.#.#.###.. #...)..#.#
...# ## #.#..###.# #.
...##....$..
#.############# #.# ###


You could see an adder.

Vanquished Creatures
  A dart slug (D:1)
  2 leopard geckos
  2 goblins
  3 hobgoblins
  2 jackals (D:2)
  3 kobolds
  6 bats
  A rat (D:1)
20 creatures vanquished.

Notes
Turn   | Place    | Note
-------+----------+-------------------------------------------
     0 | D:1      | inc the Felid Ice Elementalist began the quest for the Orb.
     0 | D:1      | Reached XP level 1. HP: 7/7 MP: 4/4
    87 | D:1      | Reached skill level 3 in Ice Magic
   223 | D:1      | Reached XP level 2. HP: 11/11 MP: 6/6
  1686 | D:2      | Slain by an adder

Skill      XL: |  1 |
---------------+----+-----
Ice Magic      | 3 |  3.8
Dodging        | |  2.6
Stealth        | |  2.6
Spellcasting   | |  2.0
Conjurations   | |  0.8

Action                   || total
-------------------------++-------
Melee: Unarmed           ||    30
       Bite              ||     2
 Cast: Freeze            ||    26
 Stab: Sleeping          ||     7
  Eat: Chunk             ||     6
Armor: Skin              ||     6
Dodge: Dodged            ||    42
